 Dungeon Crawl Stone Soup version 0.20.1-1-g8b1a95d (webtiles) character file.

103 jmlagarto the Skirmisher (level 4, -2/35 HPs)
             Began as a Demonspawn Fighter on Sept 19, 2017.
             Slain by a sky beast (5 damage)
             ... on level 3 of the Dungeon.
             The game lasted 00:08:45 (1867 turns).

jmlagarto the Skirmisher (Demonspawn Fighter)       Turns: 1867, Time: 00:08:46

Health: -2/35      AC:  6    Str: 17    XL:     4   Next: 51%
Magic:  4/4        EV:  7    Int: 10    God:
Gold:   104        SH: 13    Dex: 12    Spells: 3/3 levels left

rFire    . . .     SeeInvis .   a - +0 war axe
rCold    . . .     Gourm    .   c - +0 shield
rNeg     . . .     Faith    .   b - +0 scale mail
rPois    .         Spirit   .   (helmet restricted)
rElec    .         Reflect  +   (no cloak)
rCorr    .         Harm     .   (no gloves)
MR       .....                  (no boots)
Stlth    +.........             t - +4 amulet of reflection
Regen    0.2/turn               i - ring of stealth
MPRegen  0.1/turn               (no ring)

@: no status effects
A: antennae 1
a: no special abilities


You were on level 3 of the Dungeon.
You were not hungry.

You visited 1 branch of the dungeon, and saw 3 of its levels.

You collected 104 gold pieces.

Inventory:

Hand Weapons
 a - a +0 war axe (weapon)
Armour
 b - a +0 scale mail (worn)
 c - a +0 shield (worn)
Jewellery
 i - a ring of stealth (left hand)
 t - a +4 amulet of reflection (around neck)
Scrolls
 g - 2 scrolls of identify {unknown}
 h - a scroll of enchant armour {unknown}
 j - 4 scrolls of remove curse {unknown}
 q - 2 scrolls of recharging {unknown}
 u - a scroll of teleportation {unknown}
 x - a scroll of fog {unknown}
 y - a scroll of fear {unknown}
 A - a scroll of magic mapping {unknown}
Potions
 d - a potion of might
 e - 2 potions of mutation {unknown}
 l - 3 potions of lignification {unknown}
 m - a potion of ambrosia {unknown}
 n - a potion of haste {unknown}
 o - a potion of cancellation {unknown}
 p - a potion of resistance {unknown}
 r - a potion of brilliance {unknown}
 s - a potion of curing {unknown}
 v - a potion of heal wounds {unknown}
 z - a potion of berserk rage {unknown}
Books
 w - a book of Changes

   Spells                             Type                      Level
   a - Beastly Appendage              Transmutation                1
   b - Sticks to Snakes               Transmutation                2
   c - Spider Form                    Transmutation/Poison         3
   d - Ice Form                       Ice/Transmutation            4
   e - Blade Hands                    Transmutation                5
Comestibles
 f - 3 bread rations
 k - 4 fruits


   Skills:
 + Level 3.5 Fighting
 + Level 2.9 Axes
 + Level 3.1 Armour
 + Level 1.4 Dodging
 + Level 3.0 Shields


You had 3 spell levels left.
You didn't know any spells.

Dungeon Overview and Level Annotations

Branches:
Dungeon (3/15)

Altars:
The Shining One


Innate Abilities, Weirdness & Mutations

You have a pair of small antennae on your head.


Message History

You hit the sky beast.
The sky beast is heavily wounded.
You block the sky beast's attack.
You closely miss the sky beast.
The sky beast is heavily wounded.
The sky beast barely misses you.
The sky beast hits you but does no damage.
You hit the sky beast but do no damage.
The sky beast is heavily wounded.
The sky beast hits you. The sky beast shocks you.
You miss the sky beast.
The sky beast is heavily wounded.
The sky beast hits you.
* * * LOW HITPOINT WARNING * * *
The sky beast shocks you.
* * * LOW HITPOINT WARNING * * *
The sky beast hits you.
* * * LOW HITPOINT WARNING * * *
The sky beast shocks you.
You die...

#..###.........#
##....).#.....##
#.#.##.#####.#
#.......# .#
##...#....... .
###.##...... #.#
######
##.########
#..@...[..#
#..Y......#
#.........#
#.........#
#.........#
###########


You could see a sky beast.

Vanquished Creatures
  2 adders (D:2)
  An ooze (D:3)
  2 dart slugs
  5 leopard geckos
  4 bats
  4 giant cockroaches
  6 goblins
  9 hobgoblins
  14 jackals
  A ball python (D:1)
  6 frilled lizards
  5 kobolds
  6 rats
65 creatures vanquished.

Notes
Turn   | Place    | Note
-------+----------+-------------------------------------------
     0 | D:1      | jmlagarto the Demonspawn Fighter began the quest for the Orb.
     0 | D:1      | Reached XP level 1. HP: 18/18 MP: 1/1
    71 | D:1      | Gained mutation: You have a pair of small antennae on your head. [demonic ancestry]
    71 | D:1      | Reached XP level 2. HP: 12/24 MP: 2/2
   813 | D:1      | Reached XP level 3. HP: 28/29 MP: 3/3
  1207 | D:2      | Found a glowing golden altar of the Shining One.
  1242 | D:2      | Reached skill level 1 in Dodging
  1430 | D:2      | Reached XP level 4. HP: 35/35 MP: 4/4
  1850 | D:3      | Noticed a sky beast
  1867 | D:3      | Slain by a sky beast

Skill      XL: |  1  2  3 |
---------------+----------+-----
Axes           | 2 |  2.9
Shields        | 3 |  3.0
Dodging        | 1 |  1.4
Armour         | 3 |  3.1
Fighting       | |  3.5

Action                   |  1- 3 |  4- 6 || total
-------------------------+-------+-------++-------
Melee: War axe           |   150 |    74 ||   224
  Eat: Chunk             |     1 |     2 ||     3
       Royal jelly       |       |     1 ||     1
Armor: Scale mail        |    82 |    30 ||   112
Dodge: Dodged            |    53 |    20 ||    73
Block: Shield            |    95 |    42 ||   137
